 Dungeon Crawl Stone Soup version 0.30-a0-368-g86fb4627a9 (webtiles) character file.

Game seed: 12751971437173952423

63 drewk1942 the Firebug (level 4, 0/33 HPs)
             Began as a Hill Orc Fire Elementalist on Nov 18, 2022.
             Slain by a bullfrog (5 damage)
             ... on level 2 of the Dungeon.
             The game lasted 00:05:15 (1865 turns).

drewk1942 the Firebug (Hill Orc Fire Elementalist)  Turns: 1865, Time: 00:05:16

Health: 0/33       AC:  5    Str: 10    XL:     4   Next: 10%
Magic:  6/7        EV: 12    Int: 17    God:
Gold:   141        SH:  0    Dex: 11    Spells: 6/7 levels left

rFire   + . .      SeeInvis .    p - +0 long sword
rCold   x . .      Faith    .    (no shield)
rNeg    . . .      Spirit   .    a - +0 robe
rPois   .          Reflect  .    s - +1 helmet
rElec   .          Harm     .    (no cloak)
rCorr   .          Rampage  .    (no gloves)
Will    .....                    h - +0 pair of boots
Stlth   ++........               (no amulet)
HPRegen 0.25/turn                m - ring of fire
MPRegen 0.10/turn                (no ring)

@: no status effects
A: no striking features
a: no special abilities


You were on level 2 of the Dungeon.
You visited 1 branch of the dungeon, and saw 3 of its levels.

You collected 141 gold pieces.

Inventory:

Hand Weapons
 e - a +0 whip
 f - a +0 club
 j - a +0 vorpal sling
 p - a +0 long sword (weapon)
Armour
 a - a +0 robe (worn)
 h - a +0 pair of boots (worn)
 q - the +3 scale mail "Oniffig" {Harm +Inv rElec rC++}
   (You found it on level 2 of the Dungeon)

   rC:        It greatly protects you from cold.
   rElec:     It insulates you from electricity.
   +Inv:      It lets you turn invisible.
   Harm:      It increases damage dealt and taken.
 s - a +1 helmet (worn)
Jewellery
 m - a ring of fire (left hand)
Scrolls
 d - a scroll of enchant armour
Potions
 b - a potion of magic
 g - a potion of curing {unknown}
 l - a potion of brilliance
 n - a potion of heal wounds


   Skills:
 - Level 1.5 Dodging
 - Level 1.5 Stealth
 + Level 2.2 Spellcasting
 + Level 2.2 Conjurations
 + Level 4.0 Fire Magic


You had 6 spell levels left.
You knew the following spells:

 Your Spells              Type           Power      Damage    Failure   Level
a - Foxfire               Conj/Fire      76%        2x1d7     4%          1

Your spell library contained the following spells:

 Spells                   Type           Power      Damage    Failure   Level
 Scorch                   Fire           46%        2d7       5%          2
 Inner Flame              Hex/Fire       13%        N/A       24%         3
 Kindle Blastsparks       Fire/Tloc/Air  18%        2d11      32%         3
 Flame Wave               Conj/Fire      19%        2d7       45%         4


Dungeon Overview and Level Annotations

Branches:
Dungeon (3/15)

Altars:


Message History

You kill your butterfly!
Your butterfly disappears in a burst of colours!
The bullfrog hits you.
Your butterfly is engulfed in poison gas.
Your butterfly looks even sicker.
You kill your butterfly!
Your butterfly disappears in a burst of colours!
Your butterfly is engulfed in poison gas.
Your butterfly looks even sicker.
You kill your butterfly!
Your butterfly disappears in a burst of colours!
Your butterfly is engulfed in poison gas.
Your butterfly looks even sicker.
You kill your butterfly!
Your butterfly disappears in a burst of colours!
Your butterfly is engulfed in poison gas.
Your butterfly looks even sicker.
You kill your butterfly!
Your butterfly disappears in a burst of colours!
The adder barely misses you. The bullfrog hits you.
The adder bites you but does no damage.
Unknown command.
The adder attacks as you move away! The adder barely misses you.
You feel sick.
You are no longer poisoned.
The bullfrog barely misses you.
You see here a ball python corpse.
You slash the bullfrog!
The bullfrog is severely wounded.
The bullfrog hits you but does no damage.
The bullfrog hits you.
You closely miss the bullfrog.
The bullfrog is severely wounded.
The bullfrog hits you.
* * * LOW HITPOINT WARNING * * *
The bullfrog hits you.
* * * LOW HITPOINT WARNING * * *
Casting: Foxfire (safe; 4% risk of failure)
Confirm with . or Enter, or press ? or * to list all spells.
You feel a surge of power!
You conjure some foxfire!
The bullfrog hits you.
You die...

############ ### ##
#..○.°§☼§§.## #.# #.
#..§..°°○F☼°#####.########.
#..§.○☼○Sv@☼☼☼§○○..........
#..°°§○☼.§.v°##.#.###....#.
#...☼....§.○○.○.#.# #....#.
#..☼°°°☼.○.§###☼°.###....#.
#..☼○.°.§○☼○###.○..........
#..☼☼..○○☼☼##.+......#.#...
#..☼○.§☼○§○##.#......#.#...
######........#.###.##.....
###.##.#.#.# #.##....#


You could see a bullfrog (ally target) and an adder (ally target).

Vanquished Creatures
  3 adders (D:2)
  4 ball pythons
  6 bats
  4 endoplasms
  3 giant cockroaches
  4 goblins
  3 hobgoblins (D:1)
  4 frilled lizards (D:1)
  7 rats
38 creatures vanquished.

Vanquished Creatures (others)
  54 foxfires
54 creatures vanquished.

Grand Total: 92 creatures vanquished

Notes
Turn   | Place    | Note
-------+----------+-------------------------------------------
     0 | D:1      | drewk1942 the Hill Orc Fire Elementalist began the quest
                  | for the Orb.
     0 | D:1      | Reached XP level 1. HP: 14/14 MP: 3/3
   242 | D:1      | Reached XP level 2. HP: 20/20 MP: 4/4
   835 | D:1      | Reached XP level 3. HP: 26/26 MP: 6/6
  1385 | D:2      | Identified the +3 scale mail "Oniffig" {Harm +Inv rElec
                  | rC++}
  1556 | D:2      | Reached skill level 4 in Fire Magic
  1787 | D:3      | Noticed a bullfrog
  1802 | D:2      | Reached XP level 4. HP: 4/33 MP: 2/7
  1865 | D:2      | Slain by a bullfrog

Illustrated notes

Levels and vault maps discovered:
D:1:      dpeg_arrival_ternary, layout_loops_corners, st_stairs_4,
          minmay_large_rounded_square
D:2:      layout_basic
D:3:      layout_loops_ring, serial_shops, shop_fountains, nicolae_shop_crystal

Skill      XL: |  1  2  3 |
---------------+----------+-----
Spellcasting   | 2 |  2.2
Conjurations   | 2 |  2.2
Fire Magic     | 4 |  4.0
Dodging        | |  1.5
Stealth        | |  1.5

Action                   |  1- 3 |  4- 6 || total
-------------------------+-------+-------++-------
Melee: Whip              |    15 |       ||    15
       Club              |     7 |       ||     7
       Long sword        |     7 |     3 ||    10
 Fire: Sling             |    38 |       ||    38
 Cast: Foxfire           |    35 |     1 ||    36
  Use: Scroll            |       |     6 ||     6
       Potion            |       |     2 ||     2
 Stab: Sleeping          |     1 |       ||     1
Armor: Robe              |    15 |    12 ||    27
Dodge: Dodged            |    63 |    24 ||    87

Table legend: (Time is in decaauts)
 A = Elapsed time spent in this place.
 B = Non-inter-level travel time spent in this place.
 C = Inter-level travel time spent in this place.
 D = Time resting spent in this place.
 E = Time spent auto-exploring this place.
 F = Levels seen in this place.
 G = Mean time per level.
                   A        B        C        D        E       F      G
               +--------+--------+--------+--------+--------+-----+--------+
         Total |   1886 |   1852 |     34 |    123 |   1378 |   3 |  628.7 |
       Dungeon |   1886 |   1852 |     34 |    123 |   1378 |   3 |  628.7 |
               +--------+--------+--------+--------+--------+-----+--------+

Top non-repeatable levels by time:
     D:1: 1017 daAuts
     D:2: 855 daAuts
     D:3: 13 daAuts
